 Dungeon Crawl Stone Soup version 0.24-a0-84-g25a2d9f (webtiles) character file.

Game seed: 13294142000896833712

3016 Kairos the Cleaver (level 9, -10/47 HPs)
             Began as a Vine Stalker Fighter on Feb 7, 2019.
             Was a Believer of Uskayaw.
             Killed from afar by Erica (12 damage)
             ... with an orb of energy
             ... on level 8 of the Dungeon.
             The game lasted 00:11:33 (6854 turns).

Kairos the Cleaver (Vine Stalker Fighter)           Turns: 6854, Time: 00:11:35

Health: -10/47     AC: 14    Str: 21    XL:     9   Next: 85%
Magic:  0/10       EV:  7    Int:  8    God:    Uskayaw [**....]
Gold:   280        SH: 10    Dex: 15    Spells: 8/8 levels left

rFire    . . .     SeeInvis .   a - +3 war axe
rCold    . . .     Gourm    .   c - +0 shield
rNeg     + . .     Faith    .   o - +0 chain mail
rPois    .         Spirit   +   y - +0 helmet
rElec    .         Reflect  .   u - +0 cloak
rCorr    .         Harm     .   n - +1 pair of gloves
MR       ++...                  (no boots)
Stlth    ..........             t - amulet of magic regeneration
HPRegen  0.55/turn              r - ring of protection from magic
MPRegen  0.37/turn              h - ring of positive energy

@: lethally poisoned (-10 -> -15), flying
A: fangs 3, regeneration 1, magic shield, antimagic bite, no potion heal 3, rot
immunity
a: Stomp, Line Pass, Renounce Religion


You were on level 8 of the Dungeon.
You worshipped Uskayaw.
Uskayaw was noncommittal.
You were not hungry.

You visited 2 branches of the dungeon, and saw 9 of its levels.

You collected 280 gold pieces.

Inventory:

Hand Weapons
 a - a +3 war axe (weapon)
 q - a +2 mace of holy wrath
 B - a +0 morningstar
Armour
 b - a +0 scale mail
 c - a +0 shield (worn)
 n - a +1 pair of gloves (worn)
 o - a +0 chain mail (worn)
 u - a +0 cloak (worn)
 y - a +0 helmet (worn)
Jewellery
 h - a ring of positive energy (right hand)
 r - a ring of protection from magic (left hand)
 t - an amulet of magic regeneration (around neck)
 x - an uncursed ring of ice
Wands
 D - a wand of polymorph (9)
Scrolls
 d - a scroll of immolation
 j - a scroll of amnesia
 m - 4 scrolls of fog
 v - 2 scrolls of teleportation
 z - a scroll of random uselessness {unknown}
 A - a scroll of remove curse
 C - a scroll of enchant armour {unknown}
 F - a scroll of blinking {unknown}
 G - a scroll of identify
Potions
 g - a potion of heal wounds {unknown}
 i - 2 potions of resistance {unknown}
 k - 2 potions of curing
 l - 2 potions of haste {unknown}
 p - 2 potions of lignification {unknown}
 s - 2 potions of magic {unknown}
 w - 2 potions of berserk rage {unknown}
 E - a potion of agility {unknown}
Comestibles
 f - 12 rations


   Skills:
 + Level 5.3 Fighting
 + Level 8.6 Axes
 + Level 5.2 Armour
 + Level 2.1 Dodging
 + Level 2.0 Stealth
 + Level 5.4 Shields


You had 8 spell levels left.
You didn't know any spells.
Your spell library contained the following spells:

 Spells                   Type           Power        Failure   Level  Hunger
 Freeze                   Ice            #...         100%        1    ##.....
 Throw Frost              Conj/Ice       #.....       100%        2    ###....
 Ozocubu's Armour         Chrm/Ice       #.......     100%        3    ####...
 Summon Ice Beast         Ice/Summ       #.......     100%        4    #####..
 Throw Icicle             Conj/Ice       #.......     100%        4    #####..


Dungeon Overview and Level Annotations

Branches:
Dungeon (8/15)             Temple (1/1) D:6
   Lair: D:8-11

Altars:
Ashenzari
Cheibriados
Elyvilon
Fedhas
Gozag
Hepliaklqana
Kikubaaqudgha
Makhleb
Nemelex Xobeh
Okawaru
Ru
Sif Muna
Trog
Uskayaw
Vehumet
Wu Jian
Xom
Yredelemnul
Zin
The Shining One

Shops:
D:7 ?

Annotations:
D:8 Erica


Innate Abilities, Weirdness & Mutations

You have razor-sharp teeth.
Your natural rate of healing is unusually fast.
When hurt, damage is shared between your health and your magic reserves.
Your bite disrupts and absorbs the magic of your enemies.
Potions cannot restore your health.
You are immune to rotting.


Message History

You hit Erica. Your bite misses Erica.
Erica is heavily wounded.
You slash something!
You feel sick. You block Erica's attack. You block something's attack.
You hit Erica. Your bite misses Erica.
Erica is heavily wounded.
You hit something.
You feel sick. You block Erica's attack. Something hits you but does no damage.
Something hits you.
* * * LOW HITPOINT WARNING * * *
Something shocks you.
* * * LOW HITPOINT WARNING * * *
You can now pass through a line of other dancers.
It was a potion of flight.
You feel very buoyant.
You fly up into the air.
* * * LOW HITPOINT WARNING * * *
You feel sick. Erica gestures at you while chanting.
The orb of energy hits you!
You die...

........# ........##
.........# .........#
.........#### .##
............# ...#
............# #..###
......@@....####....###
......./....#.........
.........(..........####
............#.......#...
.#..........#...........
........................
..................<.....
.....................#..
.........#.......##


You could see Erica.

Vanquished Creatures
  Menkaure (D:5)
  Duvessa (D:5)
  2 ice beasts
  A sky beast (D:5)
  An orc warrior (D:6)
  2 phantoms
  4 centaurs
  6 ogres
  A big kobold (D:7)
  2 bullfrogs (D:6)
  A water moccasin zombie (D:7)
  Dowan (D:5)
  A scorpion (D:5)
  3 wights (D:6)
  3 killer bees (D:7)
  A howler monkey (D:6)
  2 crimson imps
  3 hounds
  A jelly (D:5)
  2 orc priests
  4 orc wizards
  A centaur skeleton (D:7)
  An iguana (D:4)
  5 worker ants
  A hound zombie (D:7)
  A hound skeleton (D:4)
  2 worker ant zombies (D:5)
  11 adders
  A river rat (D:5)
  2 shadow imps
  An ooze (D:1)
  An adder zombie (D:7)
  2 worms
  2 adder skeletons (D:5)
  3 dart slugs
  3 leopard geckos
  20 orcs
  5 bats
  2 giant cockroaches
  5 goblins
  3 hobgoblins
  7 jackals
  5 kobolds
  3 quokkas
  A ball python (D:5)
  5 frilled lizards
  A giant cockroach zombie (D:5)
  A jackal skeleton (D:4)
  A leopard gecko skeleton (D:4)
  8 rats
147 creatures vanquished.

Notes
Turn   | Place    | Note
-------+----------+-------------------------------------------
     0 | D:1      | Kairos the Vine Stalker Fighter began the quest for the
                  | Orb.
     0 | D:1      | Reached XP level 1. HP: 11/11 MP: 2/2
    47 | D:1      | Reached XP level 2. HP: 16/16 MP: 3/3
   769 | D:2      | Reached skill level 2 in Axes
   847 | D:2      | Found a sacrificial altar of Ru.
   963 | D:2      | Reached XP level 3. HP: 19/19 MP: 4/4
  1450 | D:2      | Found a hazy altar of Hepliaklqana.
  1674 | D:3      | Found an opulent altar of Gozag.
  1696 | D:3      | Gained mutation: Your natural rate of healing is unusually
                  | fast. [Vine Stalker growth]
  1696 | D:3      | Reached XP level 4. HP: 19/24 MP: 3/5
  1777 | D:3      | Reached skill level 3 in Axes
  1885 | D:3      | Found a deep blue altar of Sif Muna.
  1999 | D:3      | Found a basalt altar of Yredelemnul.
  2000 | D:3      | Found an ornate altar of the Wu Jian Council.
  2152 | D:3      | Reached XP level 5. HP: 28/28 MP: 6/6
  2360 | D:4      | Noticed an ogre
  2366 | D:4      | Killed an ogre
  2366 | D:4      | Reached XP level 6. HP: 15/32 MP: 4/7
  2508 | D:4      | Reached skill level 1 in Dodging
  2570 | D:4      | Reached skill level 4 in Axes
  2941 | D:4      | Noticed a phantom
  2955 | D:4      | Killed a phantom
  3079 | D:4      | Reached XP level 7. HP: 36/36 MP: 8/8
  3101 | D:4      | Found a shattered altar of Ashenzari.
  3437 | D:5      | Entered Level 5 of the Dungeon
  3535 | D:5      | Noticed Duvessa
  3536 | D:5      | Noticed Dowan
  3589 | D:5      | Reached skill level 5 in Axes
  3599 | D:5      | Noticed Menkaure
  3608 | D:5      | Killed Menkaure
  3613 | D:5      | Killed Duvessa
  3621 | D:5      | Killed Dowan
  3647 | D:5      | Gained mutation: You have razor-sharp teeth. [Vine Stalker
                  | growth]
  3647 | D:5      | Reached XP level 8. HP: 29/42 MP: 7/9
  3735 | D:5      | Reached skill level 6 in Axes
  4253 | D:5      | Reached skill level 7 in Axes
  4846 | D:6      | Reached XP level 9. HP: 23/46 MP: 7/10
  4938 | D:6      | Reached skill level 5 in Fighting
  4983 | D:6      | Found a staircase to the Ecumenical Temple.
  4993 | Temple   | Entered the Ecumenical Temple
  5185 | Temple   | Became a worshipper of Uskayaw the Reveler
  5220 | D:6      | Reached * piety under Uskayaw
  5246 | D:6      | Reached ** piety under Uskayaw
  5694 | D:7      | Found Zylacw's Magic Scroll Shoppe.
  5734 | D:7      | Reached skill level 1 in Stealth
  5775 | D:7      | Reached *** piety under Uskayaw
  5805 | D:7      | Reached skill level 5 in Shields
  5806 | D:7      | Reached skill level 8 in Axes
  5809 | D:7      | Reached **** piety under Uskayaw
  5857 | D:7      | Reached skill level 5 in Armour
  6337 | D:7      | Found an iron altar of Okawaru.
  6430 | D:7      | Found a glowing golden altar of the Shining One.
  6842 | D:8      | Noticed Erica
  6854 | D:8      | HP: 2/47 [poisoned by Erica (bolt of poison)]
  6854 | D:8      | Killed from afar by Erica

Levels and vault maps discovered:

Skill      XL: |  1  2  3  4  5  6  7  8  9 |
---------------+----------------------------+-----
Shields        | 3 4 5 |  5.4
Axes           | 2 3 4 5 7 8 |  8.6
Fighting       | 3 4 5 |  5.3
Armour         | 3 4 5 |  5.2
Dodging        | 1 2 |  2.1
Stealth        | 2 |  2.0

Action                   |  1- 3 |  4- 6 |  7- 9 || total
-------------------------+-------+-------+-------++-------
Melee: War axe           |    99 |    94 |   254 ||   447
       Bite              |    21 |    33 |    75 ||   129
Invok: Stomp             |       |       |     1 ||     1
  Use: Scroll            |     5 |     3 |     3 ||    11
       Potion            |       |     1 |     2 ||     3
 Stab: Paralysed         |       |       |     3 ||     3
  Eat: Chunk             |     2 |     5 |     5 ||    12
       Ration            |       |       |     3 ||     3
Armor: Scale mail        |    51 |    22 |       ||    73
       Chain mail        |       |    36 |   127 ||   163
Dodge: Dodged            |    32 |    34 |    79 ||   145
Block: Shield            |    54 |    54 |   150 ||   258

Table legend:
 A = Non-vault XP
 B = Vault XP
 C = Vault XP percentage of total XP
 D = Non-vault monster count
 E = Vault monster count
 F = Vault count percentage of total count
                 A         B        C        D         E       F
            +---------+---------+-------+---------+---------+-------
      Total |    3837 |     472 |  11.0 |     134 |      13 |   8.8
            +---------+---------+-------+---------+---------+-------
        D:1 |      25 |       0 |   0.0 |      11 |       0 |   0.0
        D:2 |      45 |       2 |   4.3 |      15 |       1 |   6.2
        D:3 |     127 |       0 |   0.0 |      13 |       0 |   0.0
        D:4 |     421 |       0 |   0.0 |      20 |       0 |   0.0
        D:5 |    1148 |     354 |  23.6 |      27 |      11 |  28.9
        D:6 |     815 |       0 |   0.0 |      19 |       0 |   0.0
        D:7 |    1124 |     116 |   9.4 |      28 |       1 |   3.4
        D:8 |     132 |       0 |   0.0 |       1 |       0 |   0.0
            +---------+---------+-------+---------+---------+-------
